 Dungeon Crawl Stone Soup version 0.26-a0-597-gb535b0901c (webtiles) character file.

Game seed: 3402779940951348603

109 Eifo4Ohj9gu9Dob0ohLe the Cutter (level 4, -3/40 HPs)
             Began as a Draconian Berserker on Aug 27, 2020.
             Was a Believer of Trog.
             Slain by Grinder (5 damage)
             ... on level 3 of the Dungeon.
             The game lasted 00:06:59 (2018 turns).

Eifo4Ohj9gu9Dob0ohLe the Cutter (DrBe)              Turns: 2018, Time: 00:07:00

Health: -3/40      AC:  9    Str: 20    XL:     4   Next: 59%
Magic:  4/4        EV:  9    Int:  8    God:    Trog [**....]
Gold:   143        SH: 12    Dex: 16    Spells: 3/3 levels left

rFire    . . .     SeeInvis .   a - +0 short sword
rCold    . . .     Faith    .   f - +0 tower shield
rNeg     . . .     Spirit   .   (armour unavailable)
rPois    +         Reflect  .   q - +0 hat
rElec    .         Harm     .   p - +2 cloak
rCorr    .                      (no gloves)
MR       .....                  j - +0 pair of boots
Stlth    ++........             (no amulet)
HPRegen  0.13/turn              e - ring of poison resistance
MPRegen  0.09/turn              r - +6 ring of dexterity

@: no status effects
A: unfitting armour, cold-blooded, AC +5
a: Berserk, Trog's Hand, Renounce Religion


You were on level 3 of the Dungeon.
You worshipped Trog.
Trog was pleased with you.
You visited 1 branch of the dungeon, and saw 3 of its levels.

You collected 143 gold pieces.

Inventory:

Hand Weapons
 a - a +0 short sword (weapon)
Armour
 f - a +0 tower shield (worn)
 j - a +0 pair of boots (worn)
 p - a +2 cloak (worn)
 q - a +0 hat (worn)
Jewellery
 e - a ring of poison resistance (left hand)
 r - a +6 ring of dexterity (right hand)
Scrolls
 b - 2 scrolls of magic mapping {unknown}
 c - a scroll of random uselessness {unknown}
 l - 2 scrolls of remove curse {unknown}
 m - a scroll of fog {unknown}
 n - 3 scrolls of identify {unknown}
 o - a scroll of noise {unknown}
 u - a scroll of blinking {unknown}
 v - a scroll of teleportation {unknown}
Potions
 d - 2 potions of might {unknown}
 g - a potion of flight {unknown}
 h - 3 potions of lignification {unknown}
 i - 3 potions of mutation {unknown}
 k - a potion of curing {unknown}
 s - a potion of cancellation {unknown}
 t - a potion of resistance {unknown}


   Skills:
 + Level 4.0 Fighting
 + Level 4.1 Short Blades
 + Level 3.5 Dodging
 + Level 0.4 Stealth
 + Level 0.7 Shields


You had 3 spell levels left.
You didn't know any spells.
Your spell library was empty.

Dungeon Overview and Level Annotations

Branches:
Dungeon (3/15)

Altars:
Fedhas
Yredelemnul

Annotations:
D:3 Grinder, Jessica


Innate Abilities, Weirdness & Mutations

Your plain brown scales are hard. (AC +5)
You cannot fit into any form of body armour.
You are cold-blooded and may be slowed by cold attacks.


Message History

Jessica casts a spell.
Jessica seems to speed up.
Jessica gestures at you while chanting.
You barely resist. You block Grinder's attack.
Jessica zaps a wand.
The puff of flame misses you.
Found 18 stones.
Things that are here:
16 stones; a goblin corpse You hit Grinder.
You tail-slap Grinder.
Grinder is moderately wounded.
Grinder hits you!
You writhe in agony.
Jessica gestures at you while chanting. Pain shoots through your body!
* * * LOW HITPOINT WARNING * * *
Your shield prevents you from hitting Grinder.
Grinder is moderately wounded.
Grinder hits you.
* * * LOW HITPOINT WARNING * * *
You writhe in agony.
You die...

### #....†...... ..
#........... #.#
#........... ..
#.....#.#.## #.
#.....#.#.#
##########.##.....#.#.#
(.......##..#.....#.#.#
........###.#.....#.#.##
.......@.(....(...+.....
.......5###(#.....###[.#
......@.# #...#.#......#
........# ##..#.#.####.#
........# #..#.#.# #.†
######### ##.#.#.# #.#
#...#.# #### #...#.#
#... #...#.# #.##


You could see Grinder and Jessica (fast).

Vanquished Creatures
  An iguana (D:3)
  3 adders
  An ooze (D:1)
  A dart slug (D:1)
  2 leopard geckos (D:1)
  2 giant cockroaches
  10 goblins
  4 hobgoblins
  3 jackals (D:1)
  A quokka (D:3)
  2 bats (D:1)
  3 frilled lizards
  6 kobolds
  9 rats
48 creatures vanquished.

Notes
Turn   | Place    | Note
-------+----------+-------------------------------------------
     0 | D:1      | Eifo4Ohj9gu9Dob0ohLe the Draconian Berserker began the
                  | quest for the Orb.
     0 | D:1      | Reached XP level 1. HP: 19/19 MP: 1/1
   154 | D:1      | Reached XP level 2. HP: 19/26 MP: 2/2
   413 | D:1      | Reached ** piety under Trog
   490 | D:1      | Reached XP level 3. HP: 33/33 MP: 3/3
  1561 | D:2      | Reached XP level 4. HP: 39/40 MP: 4/4
  1688 | D:2      | Found a blossoming altar of Fedhas.
  1911 | D:3      | Found a basalt altar of Yredelemnul.
  2008 | D:3      | Noticed Grinder
  2011 | D:3      | Noticed Jessica
  2018 | D:3      | HP: 2/40 [Grinder (5)]
  2018 | D:3      | Slain by Grinder

Illustrated notes

Levels and vault maps discovered:
D:1:      nzn_arrival_settlement, layout_loops_corners, minmay_octomino_c4
D:2:      layout_basic, fedhas_altar_4, nicolae_overflow_hidden_temple,
          minmay_split_cup_small
D:3:      layout_basic, nicolae_overflow_crystal_walls, uniq_natasha,
          uniq_grinder, uniq_jessica

Skill      XL: |  1  2  3  4 |
---------------+-------------+-----
Dodging        | 3 |  3.5
Fighting       | 4 |  4.0
Short Blades   | 4 |  4.1
Stealth        | |  0.4
Shields        | |  0.7

Action                   |  1- 3 |  4- 6 || total
-------------------------+-------+-------++-------
Melee: Short sword       |   119 |    32 ||   151
       Tailslap          |    14 |     4 ||    18
Invok: Berserk           |     1 |       ||     1
 Stab: Sleeping          |     1 |       ||     1
Armor: Skin              |    38 |     6 ||    44
Dodge: Dodged            |    38 |    13 ||    51
Block: Tower shield      |    31 |    26 ||    57

Table legend: (Time is in decaauts)
 A = Elapsed time spent in this place.
 B = Non-inter-level travel time spent in this place.
 C = Inter-level travel time spent in this place.
 D = Time resting spent in this place.
 E = Time spent auto-exploring this place.
 F = Levels seen in this place.
 G = Mean time per level.
                   A        B        C        D        E       F      G
               +--------+--------+--------+--------+--------+-----+--------+
         Total |   2030 |   2030 |      0 |    461 |    810 |   3 |  676.7 |
       Dungeon |   2030 |   2030 |      0 |    461 |    810 |   3 |  676.7 |
               +--------+--------+--------+--------+--------+-----+--------+

Top non-repeatable levels by time:
     D:1: 1187 daAuts
     D:2: 693 daAuts
     D:3: 148 daAuts
